 Dungeon Crawl Stone Soup version 0.24-a0-280-g7cec4da (console) character file.

Game seed: 11463618752890534717

35 swinepaste the Vexing (level 3, 14/14 HPs)
             Began as a Felid Enchanter on May 13, 2019.
             Quit the game on level 3 of the Dungeon.
             The game lasted 00:06:52 (3007 turns).

swinepaste the Vexing (Felid Enchanter)             Turns: 3007, Time: 00:06:53

Health: 14/14      AC:  1    Str:  4    XL:     3   Next: 16%
Magic:  7/7        EV: 18    Int: 17    God:
Gold:   123        SH:  0    Dex: 16    Spells: 0/6 levels left
                                        Lives:  0   Deaths: 1

rFire    . . .     SeeInvis +     - Unarmed
rCold    . . .     Gourm    .   (shield unavailable)
rNeg     . . .     Faith    .   (armour unavailable)
rPois    .         Spirit   .   (helmet unavailable)
rElec    .         Reflect  .   (cloak unavailable)
rCorr    .         Harm     .   (gloves unavailable)
MR       +....                  (boots unavailable)
Stlth    +++.......             (no amulet)
HPRegen  0.04/turn              a - ring of protection from magic
MPRegen  0.10/turn              (no ring)

@: quick
A: very small, no armour, no weapons or thrown items, stealth, claws 1, fangs 3,
see invisible, carnivore, speed 1, shaggy fur 1, slow metabolism 1, sharp paws
a: no special abilities


You were on level 3 of the Dungeon.
You were not hungry.

You visited 1 branch of the dungeon, and saw 3 of its levels.

You collected 123 gold pieces.

Inventory:

Jewellery
 a - a ring of protection from magic (left paw)
Scrolls
 c - a scroll of magic mapping
 d - 2 scrolls of remove curse
 e - a scroll of amnesia {unknown}
 g - 3 scrolls of identify
Comestibles
 b - 6 rations


   Skills:
 - Level 2.6 Dodging
 - Level 4.6 Stealth
 - Level 2.5 Unarmed Combat
 - Level 2.0 Spellcasting
 * Level 5.2 Hexes
 + Level 1.3 Ice Magic


You couldn't memorise any spells.
You knew the following spells:

 Your Spells              Type           Power        Failure   Level  Hunger
a - Corona                Hex            ###....      2%          1    #......
c - Confuse               Hex            ###.....     7%          3    ###....
e - Ensorcelled Hibernat  Hex/Ice        ##....       8%          2    ###....

Your spell library contained the following spells:

 Spells                   Type           Power        Failure   Level  Hunger
 Tukima's Dance           Hex            ###.....     7%          3    ###....
 Dazzling Spray           Conj/Hex       ##....       21%         3    ###....


Dungeon Overview and Level Annotations

Branches:
Dungeon (3/15)

Altars:


Innate Abilities, Weirdness & Mutations

You cannot wear armour.
You are incapable of wielding weapons or throwing items.
Your paws allow you to move quietly. (Stealth)
You have sharp claws.
You have razor-sharp teeth.
You have supernaturally acute eyesight. (SInv)
You are carnivorous and can eat meat at any time.
You cover ground quickly.
You are covered in fur. (AC +1)
You have a slow metabolism.
Your sharp claws are effective at attacking unaware monsters.


Message History

Aim: a goblin (chance to defeat MR: 61%)
The goblin looks drowsy...
You pounce on the unaware helpless goblin!
You claw the goblin!
You kill the goblin!
The goblin unwields a +0 hunting sling.
The goblin wields a +0 dagger.
The goblin closely misses you.
The goblin unwields a +0 dagger.
The goblin wields a +0 hunting sling.
The goblin shoots a stone.
The stone closely misses you.
The goblin shoots a stone.
The stone hits you.
* * * LOW HITPOINT WARNING * * *
You see here a stone.
The goblin shoots a stone.
The stone hits you.
You die...
You are now level 3!
You rejoin the land of the living...
Unknown command.
Unknown command.
Unknown command.
Are you sure you want to abandon this character and quit the game? (Confirm with "yes".)

##.#
#.#
##.#
###
...#
..#
##.#
#.#
###
#.#
#.#
#.#
#h#
#.#
#.#
#.#
#.#
#.#
#.#
#.#


There were no monsters in sight!

Vanquished Creatures
  Robin (D:3)
  An adder (D:2)
  An ooze (D:1)
  A worm (D:3)
  2 giant cockroaches
  11 goblins
  7 hobgoblins
  4 jackals (D:1)
  6 kobolds
  A ball python (D:1)
  6 bats
  5 frilled lizards
  3 rats
49 creatures vanquished.

Notes
Turn   | Place    | Note
-------+----------+-------------------------------------------
     0 | D:1      | swinepaste the Felid Enchanter began the quest for the Orb.
     0 | D:1      | Reached XP level 1. HP: 7/7 MP: 4/4
   478 | D:1      | Reached XP level 2. HP: 11/11 MP: 6/6
   793 | D:1      | Learned a level 2 spell: Ensorcelled Hibernation
  1317 | D:1      | Reached XP level 3. HP: 14/14 MP: 4/7
  1625 | D:1      | Learned a level 3 spell: Confuse
  2439 | D:3      | Reached skill level 1 in Ice Magic
  2799 | D:3      | Reached skill level 5 in Hexes
  2869 | D:3      | Noticed Robin
  2981 | D:3      | Killed Robin
  2981 | D:3      | Reached XP level 4. HP: 10/18 MP: 3/8
  3006 | D:3      | Shot with a stone by a goblin
  3007 | D:3      | Reached XP level 3. HP: 0/14 MP: 1/7
  3007 | D:3      | Quit the game

Levels and vault maps discovered:
D:1:      dpeg_arrival_three_same_balls, layout_basic
D:2:      layout_basic, first_ration
D:3:      layout_basic, uniq_jessica, uniq_robin

Skill      XL: |  1  2  3 |
---------------+----------+-----
Unarmed Combat | 2 |  2.5
Ice Magic      | 1 |  1.3
Hexes          | 5 |  5.2
Dodging        | |  2.6
Stealth        | |  4.6
Spellcasting   | |  2.0

Action                   |  1- 3 |  4- 6 || total
-------------------------+-------+-------++-------
Melee: Unarmed           |    93 |     7 ||   100
       Bite              |     5 |     1 ||     6
       Punch             |     1 |       ||     1
 Cast: Corona            |     4 |       ||     4
       Ensorcelled Hiber |    27 |     1 ||    28
       Confuse           |     5 |       ||     5
  Use: Scroll            |     6 |       ||     6
 Stab: Sleeping          |    25 |     1 ||    26
       Confused          |     2 |       ||     2
  Eat: Chunk             |    13 |       ||    13
Armor: Skin              |     5 |     1 ||     6
Dodge: Dodged            |    59 |     8 ||    67

Table legend:
 A = Non-vault XP
 B = Vault XP
 C = Vault XP percentage of total XP
 D = Non-vault monster count
 E = Vault monster count
 F = Vault count percentage of total count
                 A         B        C        D         E       F
            +---------+---------+-------+---------+---------+-------
      Total |      89 |      24 |  21.2 |      43 |       6 |  12.2
            +---------+---------+-------+---------+---------+-------
        D:1 |      45 |       0 |   0.0 |      24 |       0 |   0.0
        D:2 |      30 |       0 |   0.0 |      13 |       0 |   0.0
        D:3 |      14 |      24 |  63.2 |       6 |       6 |  50.0
            +---------+---------+-------+---------+---------+-------
